 Dungeon Crawl Stone Soup version 0.30-a0-719-gcc4359ea44 (webtiles) character file.

Game seed: 1583514639759894801

1418 kae the Changer (level 8, -2/64 HPs)
             Began as a Demonspawn Transmuter on Jan 26, 2023.
             Slain by a wraith (11 damage)
             ... in an ossuary.
             The game lasted 00:05:49 (4950 turns).

kae the Changer (Demonspawn Transmuter)             Turns: 4950, Time: 00:05:50

Health: -2/64      AC:  7    Str: 10    XL:     8   Next: 43%
Magic:  5/14       EV: 10    Int: 18    God:
Gold:   278        SH:  0    Dex: 13    Spells: 5/15 levels left

rFire   x . .      SeeInvis .      - Unarmed
rCold   + + +      Faith    .    (shield currently unavailable)
rNeg    . . .      Spirit   .    (body armour currently unavailable)
rPois   +          Reflect  .    (helmet currently unavailable)
rElec   .          Harm     .    (cloak currently unavailable)
rCorr   .          Rampage  .    (gloves currently unavailable)
Will    .....                    (boots currently unavailable)
Stlth   +                        (no amulet)
HPRegen 0.30/turn                P - ring of poison resistance
MPRegen 0.14/turn                (no ring)

@: ice-form, slowed, very slow
A: freezing attack, amphibious, boosted hp, large, (horns 1), (yellow scales 2),
foul stench 2
a: End Transformation


You were in an ossuary.
You were a creature of crystalline ice.
You visited 1 branch of the dungeon, and saw 6 of its levels.
You also visited: Ossuary.

You collected 278 gold pieces.


Innate Abilities, Weirdness & Mutations

You are a creature of crystalline ice.
You have a powerful freezing melee attack.
You are amphibious.
Your maximum health is increased.
Your armour is entirely melded.
You are incapable of wielding weapons or throwing items.
((You have a pair of small horns on your head.))
((You are mostly covered in yellow scales. (AC +3)))
You sometimes emit foul miasma when damaged in melee.


   Skills:
 - Level 1.0 Fighting
 - Level 1.7 Dodging
 + Level 4.9 Unarmed Combat
 + Level 4.4 Spellcasting
 * Level 5.9 Transmutations
 * Level 4.4 Ice Magic
 - Level 2.0 Poison Magic


You had 5 spell levels left.
You knew the following spells:

 Your Spells              Type           Power      Damage    Failure   Level
a - Beastly Appendage     Tmut           50%        N/A       1%          1
b - Wereblood             Tmut           25%        N/A       1%          2
c - Spider Form           Tmut/Pois      18%        N/A       9%          3
d - Ice Form              Ice/Tmut       22%        N/A       17%         4

Your spell library contained the following spells:

 Spells                   Type           Power      Damage    Failure   Level
 Apportation              Tloc           6%         N/A       14%         1
 Alistair's Intoxication  Tmut/Pois      12%        N/A       61%         5

Inventory:

Missiles
 d - 2 boomerangs
 e - 55 stones
 f - 6 poisoned darts
Armour
 a - a +0 robe (melded)
Magical Staves
 i - a staff of death {!a}
   (You found it on level 4 of the Dungeon)
 n - a staff of death {!a}
   (You found it on level 7 of the Dungeon)
Jewellery
 P - a ring of poison resistance (left front paw)
   (You found it on level 4 of the Dungeon)
Wands
 c - a wand of digging (6)
   (You found it on level 2 of the Dungeon)
 p - a wand of flame (53)
   (You found it in an ossuary)
 r - a wand of polymorph (3)
   (You found it in an ossuary)
 s - a wand of roots (5)
   (You found it in an ossuary)
Scrolls
 k - a scroll of immolation {!r!r}
 m - a scroll of silence {!r}
 t - a scroll of enchant weapon
 u - a scroll of enchant armour {unknown}
Potions
 b - 2 potions of attraction {!q}
 g - 3 potions of curing {@q1}
 h - a potion of magic
 j - 2 potions of invisibility {unknown}
 l - 2 potions of haste {@q3}
 o - 3 potions of brilliance
 q - a potion of might {unknown}

Dungeon Overview and Level Annotations

Branches:
Dungeon (7/15) Zot: 26692 Ossuary (1/1) Zot: 5503
 Temple: D:4-7

Altars:
Gozag
Hepliaklqana
Trog

Shops:
D:2

: #
#...............#
###.###.......###.#
..'.#z#.......# #.#
###.###.......###.#
# #...............#
# #.###..###..###.#
#.#)#..#z#..#Z#.#
#.'##..###..##W.#
#...........ZZYZ#
#################


You could see a wraith (ally target), a flying skull, a friendly bullfrog zombie
(summoned), a friendly ice beast zombie (summoned), a friendly iguana skeleton
(summoned) and a friendly bullfrog skeleton (summoned).


Message History

Casting: Ice Form (dangerous; 17% risk of failure)
Confirm with . or Enter, or press ? or * to list all spells.
You miscast Ice Form.
You are very lightly contaminated with residual magic.
Nothing appears to happen.
You warm up again.
Your +0 robe unmelds from your body.
The wraith hits you. The wraith drains your vigour!
You feel as though you will be slow longer.
The wraith closely misses you. 😕 HP[-9] MP[-4]
You now have 54 max hp (-10).
You lost 4 mp, and now have 10/14 mp.
You closely miss the wraith. The wraith hits you. 😕 HP[-1]
You take 1 damage, and now have 43/54 hp.
Unknown command.
You hit the wraith but do no damage.
You headbutt the wraith, but do no damage.
The wraith misses you. 😕 HP[+1]
Casting: Ice Form (quite dangerous; 17% risk of failure)
Confirm with . or Enter, or press ? or * to list all spells.
The spell is quite dangerous to miscast (17% risk of failure)!
Continue anyway? [Y]es or [N]o only, please.
The spell is quite dangerous to miscast (17% risk of failure)!
Continue anyway?
You miscast Ice Form.
Nothing appears to happen.
The wraith hits you. The wraith drains your vigour!
You feel as though you will be slow longer.
The wraith barely misses you. 😮 HP[-4] MP[-4]
You take 4 damage, and now have 40/54 hp.
You lost 4 mp, and now have 6/14 mp.
Casting: Ice Form (quite dangerous; 17% risk of failure)
Confirm with . or Enter, or press ? or * to list all spells.
The spell is quite dangerous to miscast (17% risk of failure)!
Continue anyway? [Y]es or [N]o only, please.
The spell is quite dangerous to miscast (17% risk of failure)!
Continue anyway?
You turn into a creature of crystalline ice.
Your +0 robe melds into your body.
The wraith barely misses you. 😮 HP[+8] MP[-3]
You now have 64 max hp (+10).
You regained 8 hp, and now have 48/64 hp.
You lost 3 mp, and now have 3/14 mp.
Unknown command.
You hit the wraith. The wraith closely misses you.
The wraith hits you. 😮 HP[-4]
You take 4 damage, and now have 44/64 hp.
You hit the wraith. The wraith hits you. The wraith drains your vigour!
You feel as though you will be slow longer. 😮 HP[-4]
You take 4 damage, and now have 40/64 hp.
Unknown command.
You hit the wraith but do no damage. The wraith hits you.
The wraith drains your vigour!
You feel as though you will be slow longer. 😮 HP[-6]
You take 6 damage, and now have 34/64 hp.
You hit the wraith but do no damage. The wraith hits you!
* * * LOW HITPOINT WARNING * * *
The wraith misses you.
Unknown command. 😨 HP[-6]
You take 6 damage, and now have 28/64 hp.
You barely miss the wraith. The wraith barely misses you.
Unknown command.
You barely miss the wraith.
The wraith barely misses you. 😨 HP[+1] MP[+1]
You hit the wraith. You freeze the wraith. The wraith closely misses you.
The wraith hits you but does no damage.
Unknown command.
You hit the wraith but do no damage. The wraith barely misses you.
Your magical contamination has completely faded away.
You hit the wraith. The wraith hits you.
* * * LOW HITPOINT WARNING * * *
😨 HP[-3]
You take 3 damage, and now have 26/64 hp.
Unknown command.
You hit the wraith but do no damage. The wraith hits you but does no damage.
You barely miss the wraith. The wraith hits you but does no damage.
The wraith hits you.
* * * LOW HITPOINT WARNING * * *
The wraith drains your vigour!
You feel as though you will be slow longer. 😨 HP[-2] MP[+1]
You take 2 damage, and now have 24/64 hp.
Unknown command.
You barely miss the wraith. The wraith hits you.
* * * LOW HITPOINT WARNING * * *
The wraith drains your vigour!
You feel as though you will be slow longer. 😨 HP[-5]
You take 5 damage, and now have 19/64 hp.
Okay, then.
As you read the scroll of summoning, it crumbles to dust.
Wisps of shadow whirl around you... The wraith hits you!
* * * LOW HITPOINT WARNING * * *
The wraith drains your vigour!
You feel as though you will be slow longer.
The wraith hits you!
You die...

Skill      XL: |  1  2  3  4  5  6  7  8 |
---------------+-------------------------+-----
Transmutations | 2 3 4 5 |  5.9
Unarmed Combat | 3 4 |  4.9
Poison Magic   | 2 |  2.0
Spellcasting   | 3 4 |  4.4
Ice Magic      | 1 2 3 4 |  4.4
Fighting       | |  1.0
Dodging        | |  1.7

Action                     |  1- 3 |  4- 6 |  7- 9 || total
---------------------------+-------+-------+-------++-------
  Melee: Unarmed           |    94 |   124 |   122 ||   340
         Kick              |    21 |    13 |       ||    34
         Headbutt          |    12 |    15 |     3 ||    30
   Cast: Beastly Appendage |    27 |    22 |       ||    49
         Spider Form       |     2 |    11 |     3 ||    16
         Ice Form          |       |       |     9 ||     9
         Wereblood         |       |       |     1 ||     1
    Use: Scroll            |     2 |     8 |     3 ||    13
         Potion            |     1 |     1 |       ||     2
   Stab: Sleeping          |     8 |       |     1 ||     9
 Armour: Robe              |    11 |     6 |     4 ||    21
         Skin              |     2 |     6 |    32 ||    40
  Dodge: Dodged            |    65 |   109 |    56 ||   230

Levels and vault maps discovered:
D:1:      dreamdust_arrival_sigmund_warning, layout_basic,
          shapermc_ecumenical_altar_petra, minmay_rat_gold_closets
D:2:      layout_basic, serial_shops, nicolae_shop_stone, basic_altar,
          minmay_misc_feat_columns, nicolae_concentric_dashed_squares_wild,
          uniq_sigmund
D:3:      minmay_skewed_foursquare, layout_basic, lemuel_coloured_pillars_altar
D:4:      layout_loops_corners, moated_statue
D:6:      layout_layer_cave, mainiacjoe_overflow_brackets,
          gammafunk_temple_overflow_forgotten, nicolae_ossuary_entry_giza,
          nicolae_lava_and_water, kennysheep_another_room, uniq_prince_ribbit1
D:7:      layout_loops_ring
Ossuary:  ossuary_due_cavern

Notes
Turn   | Place    | Note
-------+----------+-------------------------------------------
     0 | D:1      | kae the Demonspawn Transmuter began the quest for the Orb.
     0 | D:1      | Reached XP level 1. HP: 15/15 MP: 3/3
     0 | D:1      | magus.rc [v1.11.3]
    15 | D:1      | Reached skill level 2 in Transmutations
   123 | D:1      | Mutation became permanent: You have a pair of small horns
                  | on your head. [demonic ancestry]
   123 | D:1      | Gained mutation: You have a pair of horns on your head.
                  | [demonic ancestry]
   123 | D:1      | Reached XP level 2. HP: 13/21 MP: 1/5
   346 | D:1      | Found a faded altar of an unknown god.
   433 | D:1      | Learned a level 2 spell: Wereblood
   525 | D:1      | Reached skill level 3 in Unarmed Combat
   676 | D:1      | Reached XP level 3. HP: 26/26 MP: 4/6
   680 | D:1      | Learned a level 3 spell: Spider Form
  1171 | D:2      | Found Cel Rofo's Book Shoppe.
  1225 | D:2      | Noticed Sigmund
  1342 | D:2      | Killed Sigmund
  1343 | D:2      | Reached skill level 3 in Transmutations
  1343 | D:2      | Reached skill level 2 in Poison Magic
  1343 | D:2      | Gained mutation: You may rarely emit foul miasma when
                  | damaged in melee. [demonic ancestry]
  1343 | D:2      | Reached XP level 4. HP: 32/32 MP: 4/8
  1343 | D:2      | Reached XP level 5. HP: 37/37 MP: 4/9
  1754 | D:2      | Found a bloodstained altar of Trog.
  2023 | D:3      | Reached skill level 3 in Spellcasting
  2097 | D:3      | Learned a level 4 spell: Ice Form
  2686 | D:3      | Found an opulent altar of Gozag.
  3246 | D:4      | Noticed an ogre
  3274 | D:4      | Noticed a phantom
  3295 | D:4      | HP: 4/37 [phantom (7)]
  3304 | D:4      | Killed a phantom
  3305 | D:4      | Reached skill level 1 in Ice Magic
  3305 | D:4      | Gained mutation: You are partially covered in yellow
                  | scales. (AC +2) [demonic ancestry]
  3305 | D:4      | Reached XP level 6. HP: 22/43 MP: 5/10
  3340 | D:4      | Reached skill level 4 in Transmutations
  3661 | D:4      | You pick up a book of Party Tricks and begin reading...
  3661 | D:4      | You add the spells Apportation and Alistair's Intoxication
                  | to your library.
  3796 | D:4      | You fall into a shaft and drop 3 floors!
  3867 | D:7      | Reached skill level 4 in Unarmed Combat
  3937 | D:7      | HP: 10/43 [centaur (5)]
  3941 | D:7      | Reached skill level 2 in Ice Magic
  3941 | D:7      | Gained mutation: You are mostly covered in yellow scales.
                  | (AC +3) [demonic ancestry]
  3941 | D:7      | Reached XP level 7. HP: 9/48 MP: 9/12
  4241 | D:6      | Reached skill level 3 in Ice Magic
  4408 | D:6      | Found a hazy altar of Hepliaklqana.
  4425 | D:6      | Reached skill level 5 in Transmutations
  4445 | D:6      | Noticed Prince Ribbit
  4466 | D:6      | Killed Prince Ribbit
  4467 | D:6      | Reached skill level 4 in Spellcasting
  4467 | D:6      | Gained mutation: You sometimes emit foul miasma when
                  | damaged in melee. [demonic ancestry]
  4467 | D:6      | Reached XP level 8. HP: 35/54 MP: 10/14
  4467 | D:6      | Found a sand-covered staircase.
  4475 | Ossuary  | Entered an ossuary
  4686 | Ossuary  | Noticed a flying skull
  4702 | Ossuary  | Reached skill level 4 in Ice Magic
  4709 | Ossuary  | Noticed a flying skull
  4869 | Ossuary  | Noticed a flying skull
  4921 | Ossuary  | Noticed a flying skull
  4950 | Ossuary  | HP: 9/64 [wraith (10)]
  4950 | Ossuary  | Slain by a wraith

Vanquished Creatures
  Prince Ribbit (D:6)
  Sigmund (D:2)
  A wraith (Ossuary)
  2 centaurs (D:7)
  A phantom (D:4)
  A bullfrog (D:6)
  2 scorpions
  3 wights
  A centaur zombie (Ossuary)
  A hound (D:6)
  An iguana (D:4)
  4 orc wizards (D:6)
  A mummy (D:6)
  2 adders (D:4)
  2 white imps (D:6)
  An adder zombie (Ossuary)
  2 worms
  5 dart slugs
  8 orcs
  6 ball pythons
  4 bats
  8 endoplasms
  2 giant cockroaches (D:1)
  2 goblins
  5 hobgoblins
  4 jackals
  10 kobolds
  5 quokkas
  A ball python skeleton (Ossuary)
  3 frilled lizards
  3 hobgoblin zombies (Ossuary)
  2 kobold zombies (Ossuary)
  2 orc zombies (Ossuary)
  11 rats
108 creatures vanquished.

Table legend:
 A = Non-vault XP
 B = Vault XP
 C = Vault XP percentage of total XP
 D = Non-vault monster count
 E = Vault monster count
 F = Vault count percentage of total count
                 A         B        C        D         E       F
            +---------+---------+-------+---------+---------+-------
      Total |    1071 |     955 |  47.1 |      79 |      29 |  26.9
            +---------+---------+-------+---------+---------+-------
        D:1 |      36 |       8 |  18.2 |      17 |       8 |  32.0
        D:2 |      33 |     226 |  87.3 |      20 |       1 |   4.8
        D:3 |      25 |      10 |  28.6 |      10 |       5 |  33.3
        D:4 |     189 |       0 |   0.0 |      14 |       0 |   0.0
        D:6 |     470 |     293 |  38.4 |      15 |       2 |  11.8
        D:7 |     318 |       0 |   0.0 |       3 |       0 |   0.0
    Ossuary |       0 |     418 | 100.0 |       0 |      13 | 100.0
            +---------+---------+-------+---------+---------+-------

Illustrated notes

Table legend:
 A = Kills in this place as a percentage of kills in entire the game.
 B = Kills by you in this place as a percentage of kills by you in the entire game.
 C = Kills by friends in this place as a percentage of kills by friends in the entire game.
 D = Other kills in this place as a percentage of other kills in the entire game.
 E = Experience gained in this place as a percentage of experience gained in the entire game.
 F = Experience gained in this place divided by the number of levels of this place that you have seen.
                   A       B       C       D       E      F
               +-------+-------+-------+-------+-------+----------------------
         Total | 100.0 | 100.0 |   N/A |   N/A | 100.0 | 289.4
       Dungeon |  88.0 |  88.0 |   N/A |   N/A |  79.4 | 268.0
       Ossuary |  12.0 |  12.0 |   N/A |   N/A |  20.6 | 418.0
               +-------+-------+-------+-------+-------+----------------------

Table legend: (Time is in decaauts)
 A = Elapsed time spent in this place.
 B = Non-inter-level travel time spent in this place.
 C = Inter-level travel time spent in this place.
 D = Time resting spent in this place.
 E = Time spent auto-exploring this place.
 F = Levels seen in this place.
 G = Mean time per level.
                   A        B        C        D        E       F      G
               +--------+--------+--------+--------+--------+-----+--------+
         Total |   4952 |   4852 |    100 |    130 |   3638 |   7 |  707.4 |
       Dungeon |   4457 |   4357 |    100 |    130 |   3286 |   6 |  742.8 |
       Ossuary |    495 |    495 |      0 |      0 |    352 |   1 |  495.0 |
               +--------+--------+--------+--------+--------+-----+--------+

Top non-repeatable levels by time:
     D:3: 1113 daAuts
     D:2: 1061 daAuts
     D:1: 907 daAuts
     D:4: 702 daAuts
 Ossuary: 495 daAuts
     D:7: 365 daAuts
     D:6: 307 daAuts
